 Dungeon Crawl Stone Soup version 0.20-a0-77-g476458c (webtiles) character file.

152 KristoblXynda the Charmwright (level 5, 0/41 HPs)
             Began as a Draconian Skald on Nov 19, 2016.
             Was an Initiate of Makhleb.
             Slain by an iguana (10 damage)
             ... on level 4 of the Dungeon.
             The game lasted 00:04:10 (2232 turns).

KristoblXynda the Charmwright (Draconian Skald)     Turns: 2232, Time: 00:04:11

Health: 0/41       AC:  6    Str: 14    XL:     5   Next: 11%
Magic:  8/8        EV: 13    Int: 13    God:    Makhleb [......]
Gold:   63         SH:  0    Dex: 11    Spells: 0 memorised, 8 levels left

rFire  . . .     SeeInvis .     h - -2 hand axe (curse)
rCold  . . .     Gourm    .     (armour unavailable)
rNeg   . . .     Faith    .     (no shield)
rPois  .         Spirit   .     (helmet restricted)
rElec  .         Reflect  .     g - +0 cloak
rCorr  .         Harm     .     (no gloves)
MR     .....                    (no boots)
Stlth  +.........               (no amulet)
                                (no ring)
                                (no ring)

@: about to teleport
A: unfitting armour, cold-blooded, AC +5
a: Renounce Religion


You were on level 4 of the Dungeon.
You worshipped Makhleb.
Makhleb was noncommittal.
You were not hungry.

You visited 1 branch of the dungeon, and saw 4 of its levels.

You collected 63 gold pieces.

Inventory:

Hand Weapons
 h - a cursed -2 hand axe (weapon)
 n - a +1 hand axe of freezing
Armour
 g - a +0 cloak (worn)
Scrolls
 d - a scroll of enchant weapon
 k - a scroll of immolation
 m - 2 scrolls of identify
Books
 b - a book of Battle

   Spells                             Type                      Level
   a - Infusion                       Charms                       1
   b - Shroud of Golubria             Charms/Translocation         2
   c - Song of Slaying                Charms                       2
   d - Spectral Weapon                Hexes/Charms                 3
   e - Regeneration                   Charms/Necromancy            3
 e - a book of Changes

   Spells                             Type                      Level
   a - Beastly Appendage              Transmutation                1
   b - Sticks to Snakes               Transmutation                2
   c - Spider Form                    Transmutation/Poison         3
   d - Ice Form                       Ice/Transmutation            4
   e - Blade Hands                    Transmutation                5
Comestibles
 c - a bread ration
 f - a meat ration


   Skills:
 - Level 2.1 Fighting
 + Level 3.4 Axes
 + Level 3.1 Dodging
 - Level 2.0 Spellcasting
   Level 3.5 Charms


You had 8 spell levels left.
You didn't know any spells.

Dungeon Overview and Level Annotations

Branches:
Dungeon (4/15)
 Temple: D:4-7

Altars:
Ashenzari
Fedhas
Makhleb
Nemelex Xobeh


Innate Abilities, Weirdness & Mutations

Your plain brown scales are hard. (AC +5)
You cannot fit into any form of body armour.
You are cold-blooded and may be slowed by cold attacks.


Message History

You hit the iguana but do no damage. The iguana bites you!
The hound skeleton barely misses you. The iguana misses you.
You hit the hound skeleton. You tail-slap the hound skeleton.
The hound skeleton is severely damaged.
You hit the iguana but do no damage. The hound skeleton barely misses you.
The iguana bites you. The hound skeleton barely misses you.
You hit the hound skeleton.
You destroy the hound skeleton!
Makhleb accepts your kill.
You barely miss the iguana.
The iguana bites you but does no damage.
Found 11 gold pieces.
Found a leather armour.
You see here a scroll of teleportation.
a - a scroll of teleportation The iguana bites you!
* * * LOW HITPOINT WARNING * * *
As you read the scroll of teleportation, it crumbles to dust.
You feel strangely unstable. The iguana bites you!
You die...

### ##.. #.[..
## ##....# #.#
#......## ####.#
#.....@####.#..#
##....l..$....#
#............#
#..##........#
#.# ####..##..#
#.# ##.## ...
##.# #...#....
#..####.##
##.......#
........†##
##......###


You could see an iguana.

Vanquished Creatures
  Crazy Yiuf (D:3)
  Terence (D:3)
  A hound skeleton (D:4)
  An adder (D:2)
  A gnoll (D:4)
  An ooze (D:1)
  3 worms
  3 leopard geckos
  A ball python (D:1)
  2 bats (D:1)
  3 giant cockroaches
  6 goblins
  5 hobgoblins
  5 jackals (D:1)
  4 frilled lizards
  8 kobolds
  6 rats
52 creatures vanquished.

Notes
Turn   | Place    | Note
-------+----------+-------------------------------------------
     0 | D:1      | KristoblXynda the Draconian Skald began the quest for the Orb.
     0 | D:1      | Reached XP level 1. HP: 17/17 MP: 3/3
    55 | D:1      | Reached XP level 2. HP: 13/24 MP: 5/5
   490 | D:1      | Reached XP level 3. HP: 27/29 MP: 6/6
   765 | D:2      | Found a burning altar of Makhleb.
   774 | D:2      | Became a worshipper of Makhleb the Destroyer
   914 | D:2      | Found a shattered altar of Ashenzari.
   977 | D:2      | HP: 1/29 [worm (9)]
  1534 | D:2      | Reached XP level 4. HP: 36/36 MP: 7/7
  1663 | D:3      | Found a runed door.
  1667 | D:3      | Noticed Crazy Yiuf
  1677 | D:3      | Killed Crazy Yiuf
  1813 | D:3      | Noticed Terence
  1820 | D:3      | Killed Terence
  1991 | D:3      | Found a sparkling altar of Nemelex Xobeh.
  2000 | D:3      | Found a blossoming altar of Fedhas.
  2196 | D:4      | Reached XP level 5. HP: 35/41 MP: 8/8
  2232 | D:4      | Slain by an iguana

Vault maps used:
D:1:      dpeg_arrival_refuge
D:2:      evilmike_ruin_ashenzari, old_standard_altar
D:3:      amethyst_overflow_temple_binary, lemuel_statue_altar, uniq_terence,
          uniq_crazy_yiuf_cottage
D:4:      nicolae_dithmenos_the_darkroom, uniq_pikel

Skill      XL: |  1  2  3  4 |
---------------+-------------+-----
Charms         | 3 |  3.5
Dodging        | 2 3 |  3.1
Axes           | 3 |  3.4
Fighting       | |  2.1
Spellcasting   | |  2.0

Action                   |  1- 3 |  4- 6 || total
-------------------------+-------+-------++-------
Melee: Hand axe          |   129 |    23 ||   152
       Tailslap          |    20 |     8 ||    28
       Quarterstaff      |       |    14 ||    14
  Use: Scroll            |       |    10 ||    10
  Eat: Beef jerky        |     1 |     1 ||     2
       Chunk             |     1 |       ||     1
Armor: Skin              |    48 |    10 ||    58
Dodge: Dodged            |   109 |    35 ||   144
